 Dungeon Crawl Stone Soup version 0.20.1-1-g8b1a95d (webtiles) character file.

111 gamgams the Skirmisher (level 4, -1/33 HPs)
             Began as an Octopode Fighter on Sept 24, 2017.
             Slain by Sigmund
             ... wielding a +0 scythe
              (3 damage)
             ... on level 2 of the Dungeon.
             The game lasted 00:02:51 (1272 turns).

gamgams the Skirmisher (Octopode Fighter)           Turns: 1272, Time: 00:02:52

Health: -1/33      AC:  1    Str: 15    XL:     4   Next: 92%
Magic:  4/4        EV: 11    Int: 10    God:
Gold:   74         SH:  8    Dex: 12    Spells: 3/3 levels left

rFire    . . .     SeeInvis .   a - +0 long sword
rCold    . . .     Gourm    .   b - +0 shield
rNeg     . . .     Faith    .   (helmet restricted)
rPois    .         Spirit   .   (no amulet)
rElec    .         Reflect  .   (no ring)
rCorr    .         Harm     .   (no ring)
MR       .....                  (no ring)
Stlth    ++........             (no ring)
Regen    0.2/turn               (no ring)
MPRegen  0.1/turn               (no ring)
                                (no ring)
                                (no ring)

@: no status effects
A: almost no armour, stealthy swim, amphibious, 8 rings, constrict 8, camouflage
1, gelatinous body 1
a: no special abilities


You were on level 2 of the Dungeon.
You were not hungry.

You visited 1 branch of the dungeon, and saw 2 of its levels.

You collected 74 gold pieces.

Inventory:

Hand Weapons
 a - a +0 long sword (weapon)
Armour
 b - a +0 shield (worn)
Scrolls
 e - 2 scrolls of identify {unknown}
 g - 2 scrolls of remove curse {unknown}
 h - a scroll of amnesia {unknown}
 i - a scroll of teleportation {unknown}
 k - a scroll of noise {unknown}
Potions
 c - a potion of might
 j - a potion of haste
 l - a potion of ambrosia {unknown}
 o - a potion of mutation {unknown}
Comestibles
 d - a bread ration
 f - 2 fruits
 m - a meat ration
 n - 3 chunks of flesh


   Skills:
 + Level 4.2 Fighting
 + Level 3.8 Long Blades
 - Level 3.0 Dodging
 - Level 3.0 Shields


You had 3 spell levels left.
You didn't know any spells.

Dungeon Overview and Level Annotations

Branches:
Dungeon (2/15)

Altars:

Annotations:
D:2 Sigmund


Innate Abilities, Weirdness & Mutations

You cannot wear most types of armour.
You are very stealthy in the water. (Stealth+)
You are amphibious.
You can wear up to eight rings at the same time.
You can use your tentacles to constrict eight enemies at once.
Your skin changes colour to match your surroundings (Stealth+).
Your rubbery body absorbs attacks. (AC +1, EV +1)


Message History

You slash Terence!
Terence is almost dead.
You constrict Terence.
You kill Terence!
Something hits you. The goblin hits you.
* * * LOW HITPOINT WARNING * * *
Your shield prevents you from hitting the goblin.
Your grab misses the goblin. You block something's attack. The goblin hits you.
* * * LOW HITPOINT WARNING * * *
You block the goblin's attack.
You hit the goblin. You grab the goblin. You squeeze the goblin.
You kill the goblin!
The kobold hits you with a short sword.
* * * LOW HITPOINT WARNING * * *
You barely miss the kobold. You grab the kobold. You constrict the kobold.
You kill the kobold!
Something hits you.
* * * LOW HITPOINT WARNING * * *
Something hits you.
You die...

#...#### #...########.#.####..#
......... ##### #(#.# .
#...##### ### #(#.. ##.## # ..#
##)#### # ## #. #.# #...#
######## .###.# #...# .......##.
..#.# #...#####.# .......#...
#.#.#####.........#
........#....#.#@#..............
.......... #...{................
........#$...#.###..........(...
.......#... ... ###.#...#.###.#
.......## #### #.#....... .
.....### #.#...#.### .###.####.#
......#.# .#.....?..# #...... #
......##### #### ###


There were no monsters in sight!

Vanquished Creatures
  Terence (D:2)
  Natasha (twice) (D:2)
  A worm (D:2)
  A dart slug (D:2)
  A giant cockroach (D:2)
  8 goblins
  2 hobgoblins
  3 jackals (D:2)
  3 bats (D:2)
  3 frilled lizards (D:1)
  4 kobolds
  3 rats
32 creatures vanquished.

Notes
Turn   | Place    | Note
-------+----------+-------------------------------------------
     0 | D:1      | gamgams the Octopode Fighter began the quest for the Orb.
     0 | D:1      | Reached XP level 1. HP: 16/16 MP: 1/1
   419 | D:1      | Reached XP level 2. HP: 21/21 MP: 2/2
   844 | D:2      | Noticed Natasha
   859 | D:2      | Noticed a crimson imp
   861 | D:2      | Reached XP level 3. HP: 10/26 MP: 3/3
   865 | D:2      | Killed Natasha
  1053 | D:2      | Noticed Natasha
  1211 | D:2      | Killed Natasha
  1211 | D:2      | Reached skill level 4 in Fighting
  1211 | D:2      | Reached XP level 4. HP: 18/33 MP: 4/4
  1254 | D:2      | Noticed Terence
  1257 | D:2      | Noticed Sigmund
  1264 | D:2      | Killed Terence
  1272 | D:2      | Slain by Sigmund

Skill      XL: |  1  2  3 |
---------------+----------+-----
Long Blades    | 3 |  3.8
Fighting       | 4 |  4.2
Dodging        | |  3.0
Shields        | |  3.0

Action                   |  1- 3 |  4- 6 || total
-------------------------+-------+-------++-------
Melee: Long sword        |    47 |     8 ||    55
       Tentacles         |    10 |     2 ||    12
       Constrict         |    16 |     4 ||    20
 Stab: Sleeping          |     3 |       ||     3
  Eat: Chunk             |     1 |       ||     1
Armor: Skin              |     3 |       ||     3
Dodge: Dodged            |    24 |       ||    24
Block: Shield            |    23 |     3 ||    26
       Rpst.: Long sword |     9 |       ||     9
